 Dungeon Crawl Stone Soup version 0.28-a0-48-gfd831c5874 (webtiles) character file.

Game seed: 345683587896838049

30 flotson the Sneak (level 3, -1/29 HPs)
             Began as a Demonspawn Delver on July 29, 2021.
             Splashed by a jelly's acid (8 damage)
             ... on level 4 of the Dungeon.
             The game lasted 00:01:26 (433 turns).

flotson the Sneak (Demonspawn Delver)                Turns: 433, Time: 00:01:27

Health: -1/29      AC:  1    Str: 13    XL:     3   Next: 5%
Magic:  3/3        EV: 12    Int: 11    God:
Gold:   0          SH:  0    Dex: 14    Spells: 2/2 levels left

rFire   . . .      SeeInvis .   a - +0 hand axe
rCold   . . .      Faith    .   (no shield)
rNeg    . . .      Spirit   .   b - +0 leather armour
rPois   .          Reflect  .   (helmet restricted)
rElec   .          Harm     .   (no cloak)
rCorr   .          Rampage  .   (no gloves)
Will    .....                   (no boots)
Stlth   ++........              (no amulet)
HPRegen 0.09/turn               (no ring)
MPRegen 0.08/turn               (no ring)

@: corroded
A: horns 1, yellow scales 1
a: no special abilities


You were on level 4 of the Dungeon.
You visited 1 branch of the dungeon, and saw 2 of its levels.

Inventory:

Hand Weapons
 a - a +0 hand axe (weapon)
Armour
 b - a +0 leather armour (worn)
Wands
 g - a wand of digging (3)
Scrolls
 c - a scroll of fog
 d - a scroll of identify {unknown}
 e - a scroll of fear
Potions
 h - 2 potions of mutation {unknown}


   Skills:
 + Level 3.3 Fighting
 + Level 2.2 Axes
 + Level 1.0 Armour
 + Level 2.2 Dodging
 - Level 4.5 Stealth


You had 2 spell levels left.
You didn't know any spells.
Your spell library was empty.

Dungeon Overview and Level Annotations

Branches:
Dungeon (5/15)
 Temple: D:4-7

Altars:

Annotations:
D:4 2 transporters, Grinder; zazu2006's ghost, amateur NaWz


Innate Abilities, Weirdness & Mutations

You have a pair of small horns on your head.
You are partially covered in yellow scales. (AC +2)


Message History

The gnoll hits you but does no damage.
You hit the gnoll. You headbutt the gnoll.
The gnoll is almost dead.
You hit the gnoll.
An orc comes into view. It is wielding a +0 hand axe.
The gnoll hits you with a +0 club. The gnoll closely misses you.
The hound barely misses you.
The gnoll hits you from afar with a +0 halberd.
The gnoll misses you.
The orc moves out of view.
The hound bites you.
Items here: $ ( ) ?.
The hound bites you.
Found a whip and 7 gold pieces.
The hound closely misses you.
Grinder says, "Just stop there for a second..."
The hound bites you.
Grinder blinks!
The hound stops to sniff the ground.
You see here a +0 whip. 2 orcs come into view.
The hound barely misses you. The hound bites you but does no damage.
A jelly comes into view.
The jelly moves out of view.
An orc comes into view. It is wielding a +0 falchion.
The hound closely misses you.
Found a stone staircase leading down.
The jelly quivers.
The hound completely misses you.
The orc shouts!
You hear a shout!
The jelly barely misses you. The hound barely misses you.
The jelly barely misses you.
The orc shouts!
The jelly closely misses you. The hound bites you.
* * * LOW HITPOINT WARNING * * *
The hound closely misses you.
There is a stone staircase leading up here.
The hound bites you but does no damage. The jelly hits you.
* * * LOW HITPOINT WARNING * * *
The acid corrodes you!
You are splashed with acid!
You die...

,,,,,,,,,,,,,*****,,*** *,*,,,.!
*,,,,,,,,.............##**,*,,,,,
,,,,,,,,,...............,*,*,,**,
,,,,,,,,,...............,,,*,,*8,
*,,,,,,,,.............##**,*,,**,
,,***,,,,..............# #.#.....
,,* *,,,,..............###.#..##.
,,* **,,,...............##.#..#8.
,,** *,,,.......@.......##.#..##.
,,,* *,,,.>.....hJ.......#.#WZ...
*,,***,,,.....oo...........#MZZ..
*,,,**,,,...o..o...........######
**,,,*,,,........................
*,,,,,,,.......h....#........##.
**,,,,,,,......g.g..###.......###
*,,,***,,..........## #.......# #
,,*** *,,,.........# ##......# #


You could see a hound, a jelly, 2 gnolls, 4 orcs and a jackal.

Vanquished Creatures
  A hound skeleton (D:4)
  An ufetubus (D:4)
  2 adder skeletons (D:4)
  3 bats (D:4)
  A goblin (D:4)
  A quokka (D:4)
9 creatures vanquished.

Notes
Turn   | Place    | Note
-------+----------+-------------------------------------------
     0 | D:5      | flotson the Demonspawn Delver began the quest for the Orb.
     0 | D:5      | Reached XP level 1. HP: 18/18 MP: 1/1
   124 | D:4      | Gained mutation: You are partially covered in yellow
                  | scales. (AC +2) [demonic ancestry]
   124 | D:4      | Reached XP level 2. HP: 12/24 MP: 2/2
   357 | D:4      | Reached skill level 1 in Armour
   357 | D:4      | Gained mutation: You have a pair of small horns on your
                  | head. [demonic ancestry]
   357 | D:4      | Reached XP level 3. HP: 27/29 MP: 3/3
   384 | D:4      | Found a transporter.
   384 | D:4      | Noticed zazu2006's ghost (amateur NaWz)
   394 | D:4      | Found a transporter.
   406 | D:4      | Noticed Grinder
   433 | D:4      | Splashed by a jelly's acid

Illustrated notes

Levels and vault maps discovered:
D:4:      layout_layer_cave, minmay_overflow_temple_star_hex,
          gammafunk_ghost_mausoleum, roderic_batcave, minmay_misc_feat_plants,
          uniq_natasha, uniq_grinder
D:5:      minmay_thinvault, layout_layer_cave, mainiacjoe_overflow_24_doors,
          st_stairs_1

Skill      XL: |  1  2 |
---------------+-------+-----
Axes           | 2 |  2.2
Dodging        | 2 |  2.2
Armour         | 1 |  1.0
Fighting       | |  3.3
Stealth        | |  4.5

Action                   || total
-------------------------++-------
Melee: Hand axe          ||    40
       Headbutt          ||     3
  Use: Scroll            ||     1
       Potion            ||     1
Armor: Leather armour    ||    27
Dodge: Dodged            ||    68

Table legend: (Time is in decaauts)
 A = Elapsed time spent in this place.
 B = Non-inter-level travel time spent in this place.
 C = Inter-level travel time spent in this place.
 D = Time resting spent in this place.
 E = Time spent auto-exploring this place.
 F = Levels seen in this place.
 G = Mean time per level.
                   A        B        C        D        E       F      G
               +--------+--------+--------+--------+--------+-----+--------+
         Total |    426 |    387 |     39 |    134 |     99 |   2 |  213.0 |
       Dungeon |    426 |    387 |     39 |    134 |     99 |   2 |  213.0 |
               +--------+--------+--------+--------+--------+-----+--------+

Top non-repeatable levels by time:
     D:4: 411 daAuts
     D:5: 15 daAuts
